 Dungeon Crawl Stone Soup version 0.23.1 (webtiles) character file.

Game seed: 13445524787686442820

32 Kairos the Sneak (level 3, 18/18 HPs)
             Began as a Vine Stalker Assassin on Mar 17, 2019.
             Quit the game on level 1 of the Dungeon.
             The game lasted 00:01:25 (759 turns).

Kairos the Sneak (Vine Stalker Assassin)             Turns: 759, Time: 00:01:26

Health: 18/18      AC:  6    Str: 13    XL:     3   Next: 25%
Magic:  4/4        EV: 15    Int: 11    God:
Gold:   31         SH:  0    Dex: 21    Spells: 2/2 levels left

rFire    + . .     SeeInvis .   a - +2 dagger
rCold    + . .     Gourm    .   (no shield)
rNeg     . . .     Faith    .   k - +0 ring mail
rPois    +         Spirit   +   (no helmet)
rElec    +         Reflect  .   d - +0 cloak
rCorr    +         Harm     +   (no gloves)
MR       .....                  (no boots)
Stlth    ++++......             m - amulet of harm (curse)
HPRegen  0.06/turn              (no ring)
MPRegen  0.09/turn              (no ring)

@: agile, resistant
A: fangs 2, magic shield, antimagic bite, no potion heal 3, rot immunity
a: no special abilities


You were on level 1 of the Dungeon.
You were not hungry.

You visited 1 branch of the dungeon, and saw 2 of its levels.

You collected 31 gold pieces.

Inventory:

Hand Weapons
 a - a +2 dagger (weapon)
 b - a +0 blowgun
Missiles
 e - 8 poisoned needles
 f - 2 curare-tipped needles
Armour
 c - a +0 robe
 d - a +0 cloak (worn)
 k - a +0 ring mail (worn)
Jewellery
 m - a cursed amulet of harm (around neck)
Scrolls
 n - 3 scrolls of teleportation
Potions
 j - 3 potions of heal wounds
Comestibles
 g - 2 rations


   Skills:
 + Level 1.9 Fighting
 + Level 2.1 Short Blades
 + Level 2.0 Throwing
 + Level 0.1 Armour
 + Level 0.7 Dodging
 + Level 5.8 Stealth


You had 2 spell levels left.
You didn't know any spells.
Your spell library was empty.

Dungeon Overview and Level Annotations

Branches:
Dungeon (2/15)

Altars:


Innate Abilities, Weirdness & Mutations

You have extremely sharp teeth.
When hurt, damage is shared between your health and your magic reserves.
Your bite disrupts and absorbs the magic of your enemies.
Potions cannot restore your health.
You are immune to rotting.


Message History

No target in view!
No target in view!
No target in view!
You see here a giant cockroach corpse.
Done exploring.
As you read the scroll labeled KONAR GAGE, it crumbles to dust.
You feel strangely unstable.
It was a scroll of teleportation.
As you read the scroll labeled VIWIESAGADD, it crumbles to dust.
You hear a loud clanging noise!
It was a scroll of noise.
As you read the scroll labeled XAXZUUPTIA, it crumbles to dust.
You assume a fearsome visage.
Nothing appears to happen.
It was a scroll of fear.
Your surroundings suddenly seem different.
It was a potion of heal wounds.
That seemed strangely inert.
It was a potion of agility.
You feel agile all of a sudden.
It was a potion of resistance.
You feel protected.
Are you sure you want to abandon this character and quit the game? (Confirm with "yes".)

#......##### ###....
#......# ####...#..
######.####.........
#..##..#..####.
##....##.## #.
###...#..# ##
#####........# #
#.........##.######
#.@...รท...##......#
#.........#######.#
#.........# #.#
########### #.. #..
#.. #.. ###


There were no monsters in sight!

Vanquished Creatures
  An ooze (D:1)
  3 leopard geckos
  2 giant cockroaches (D:1)
  4 hobgoblins
  4 kobolds (D:1)
  2 quokkas (D:2)
  3 bats (D:1)
  A frilled lizard (D:1)
  2 goblins (D:1)
  3 rats (D:1)
25 creatures vanquished.

Notes
Turn   | Place    | Note
-------+----------+-------------------------------------------
     0 | D:1      | Kairos the Vine Stalker Assassin began the quest for the
                  | Orb.
     0 | D:1      | Reached XP level 1. HP: 11/11 MP: 2/2
    29 | D:1      | Reached skill level 5 in Stealth
    33 | D:1      | Reached XP level 2. HP: 15/15 MP: 3/3
    72 | D:1      | You fall through a shaft!
   493 | D:1      | Reached XP level 3. HP: 18/18 MP: 4/4
   759 | D:1      | Quit the game

Skill      XL: |  1  2  3 |
---------------+----------+-----
Stealth        | 5 |  5.8
Short Blades   | 2 |  2.1
Throwing       | 2 |  2.0
Fighting       | |  1.9
Armour         | |  0.1
Dodging        | |  0.7

Action                   || total
-------------------------++-------
Melee: Dagger            ||    63
       Bite              ||    13
  Use: Scroll            ||     3
       Potion            ||     3
 Stab: Sleeping          ||     2
Armor: Robe              ||     7
       Ring mail         ||    16
Dodge: Dodged            ||    28
